 Dungeon Crawl Stone Soup version 0.17-a0-1133-gfb1399f (webtiles) character file.

82 OTRawrior the Magician (level 4, -1/24 HPs)
             Began as a Gargoyle Wizard on May 25, 2015.
             Slain by a scorpion (3 damage)
             ... on level 4 of the Dungeon.
             The game lasted 00:11:02 (2286 turns).

OTRawrior the Magician (Gargoyle Wizard)            Turns: 2286, Time: 00:11:02

Health: -1/24      AC: 10    Str: 16    XL:     4   Next: 43%
Magic:  0/9        EV: 10    Int: 24    God:
Gold:   126        SH:  0    Dex:  8    Spells: 4 memorised, 1 level left

rFire  . . .     SeeInvis .     (no weapon)
rCold  . . .     Clarity  .     C - +0 ring mail
rNeg   + . .     SustAt   .     (no shield)
rPois  ∞         Gourm    .     b - +0 hat
rElec  +         Spirit   .     B - +0 cloak
rCorr  .         Warding  .     y - +0 pair of gloves
rMut   .         Stasis   .     (no boots)
MR     .....                    (no amulet)
Stlth  +.........               (no ring)
                                (no ring)

@: mighty, brilliant, very slightly contaminated, not resistant to hostile
enchantments, very unstealthy
A: negative energy resistance 1, electricity resistance, unbreathing,
petrification resistance, rot immunity, AC +3
a: no special abilities


You were on level 4 of the Dungeon.
You were not hungry.

You visited 1 branch of the dungeon, and saw 4 of its levels.

You collected 126 gold pieces.

Inventory:

Armour
 a - a +0 robe
 b - a +0 hat (worn)
 y - a +0 pair of gloves (worn)
 B - a +0 cloak (worn)
 C - a +0 ring mail (worn)
Magical devices
 m - a wand of random effects (24)
Scrolls
 f - a scroll of teleportation {unknown}
 h - 6 scrolls of identify {unknown}
 i - 2 scrolls of recharging {unknown}
 k - a scroll of random uselessness {unknown}
 p - 5 scrolls of remove curse {unknown}
 q - a scroll of immolation {unknown}
 u - a scroll of amnesia {unknown}
 A - a scroll of enchant armour {unknown}
Potions
 e - a potion of brilliance
 j - a potion of invisibility {unknown}
 l - a potion of might
 n - a potion of agility {unknown}
 o - a potion of cancellation {unknown}
 v - a potion of heal wounds {unknown}
 w - a potion of ambrosia {unknown}
 z - 2 potions of curing {unknown}
Books
 c - a book of Minor Magic

   Spells                             Type                      Level
   a - Magic Dart                     Conjuration                  1
   b - Blink                          Translocation                2
   c - Call Imp                       Summoning                    2
   d - Repel Missiles                 Charms/Air                   2
   e - Slow                           Hexes                        2
   f - Conjure Flame                  Conjuration/Fire             3
   g - Mephitic Cloud                 Conjuration/Poison/Air       3
Comestibles
 d - 2 bread rations
 g - 2 fruits
 r - a slice of pizza
 s - a beef jerky
 t - a meat ration
 x - 2 chunks of flesh


   Skills:
 - Level 1.5 Dodging
 - Level 2.1 Stealth
 + Level 3.8 Spellcasting
 * Level 3.5 Conjurations
   Level 0.8 Summonings
   Level 0.8 Translocations


You had one spell level left.
You knew the following spells:

 Your Spells              Type           Power        Failure   Level  Hunger
a - Magic Dart            Conj           ####         1%          1    None
b - Mephitic Cloud        Conj/Pois/Air  ###.....     4%          3    ##.....
c - Conjure Flame         Conj/Fire      ####....     3%          3    ##.....
A - Repel Missiles        Chrm/Air       ###...       4%          2    #......


Dungeon Overview and Level Annotations

Branches:
Dungeon (4/15)
 Temple: D:4-7

Altars:
Makhleb
Xom

Annotations:
D:3 InterDimensionalOwl's ghost, average SpEn


Innate Abilities, Weirdness & Mutations

You are resistant to torment.
Your stone body is resilient (AC +3).
You are immune to poison.
You resist negative energy.
You are resistant to electric shocks.
You can survive without breathing.
You are immune to petrification.
You are immune to rotting.


Message History

You hit something but do no damage.
Something stings you but does no damage.
You hit something but do no damage. Something stings you!
* * * LOW HITPOINT WARNING * * *
Casting: Magic Dart
Confirm with . or Enter, or press ? or * to list all spells.
Aiming: Magic Dart
Press: ? - help, Shift-Dir - straight line You miscast Magic Dart.
The air around you crackles with energy!
Something stings you but does no damage.
Drink which item? (? for menu, Esc to quit)
It was a potion of might.
You feel very mighty all of a sudden.
Something stings you but does no damage.
Drink which item? (? for menu, Esc to quit)
It was a potion of brilliance.
You feel clever all of a sudden. Something stings you.
You die...

#####..............#
....................#
..#.......#........##
..........#..b....##
.............#.####
.........>#....#
.....%....##...#
..........##...#
..........{@..##
..#.......#####
...$......#
###...##### ##.. ###


There were no monsters in sight!

Vanquished Creatures
  3 adders
  An ooze (D:2)
  2 giant geckos
  An orc (D:3)
  A ball python (D:3)
  2 giant cockroaches
  6 goblins
  6 hobgoblins
  3 jackals (D:1)
  8 kobolds
  A quokka (D:3)
  5 bats
  9 rats
  A butterfly (D:2)
49 creatures vanquished.

Notes
Turn   | Place    | Note
--------------------------------------------------------------
     0 | D:1      | OTRawrior the Gargoyle Wizard began the quest for the Orb.
     0 | D:1      | Reached XP level 1. HP: 10/10 MP: 4/4
   299 | D:1      | Reached XP level 2. HP: 15/15 MP: 1/6
   760 | D:1      | Reached XP level 3. HP: 19/19 MP: 0/7
   806 | D:1      | Learned a level 3 spell: Mephitic Cloud
   810 | D:1      | Learned a level 3 spell: Conjure Flame
  1209 | D:2      | Found a burning altar of Makhleb.
  1214 | D:2      | Noticed an Executioner
  1218 | D:2      | Noticed a smoke demon
  1218 | D:2      | Noticed a hellwing
  1244 | D:2      | Found a shimmering altar of Xom.
  1272 | D:2      | Learned a level 2 spell: Repel Missiles
  1795 | D:3      | Noticed InterDimensionalOwl's ghost (average SpEn)
  1881 | D:2      | Reached XP level 4. HP: 21/24 MP: 3/9
  2286 | D:4      | Slain by a scorpion

Vault maps used:
D:1:      lightli_molten_gateway
D:2:      xom_butterflies, makhleb_altar_promises_db
D:3:      uniq_iyjb
D:4:      minitemple, minmay_temple_entry_butterflies, okawaru_metal_pillars_1_2

Action                   |  1- 3 |  4- 6 || total
-------------------------+-------+-------++-------
Melee: Unarmed           |    16 |    18 ||    34
 Cast: Magic Dart        |    86 |    32 ||   118
       Repel Missiles    |     1 |       ||     1
Evoke: Wand              |       |     3 ||     3
  Use: Potion            |       |     2 ||     2
  Eat: Chunk             |     3 |     1 ||     4
